 Dungeon Crawl Stone Soup version 0.24-a0-613-g1ff6aac338 (webtiles) character file.

Game seed: 11692566387736720600, levelgen mode: deterministic

64411 Jorund the Severer (level 15, -7/105 HPs)
             Began as a Formicid Earth Elementalist on Sept 11, 2019.
             Was the Champion of Okawaru.
             Hit by a large rock thrown by a cyclops (34 damage)
             ... on level 14 of the Dungeon.
             The game lasted 01:20:59 (21838 turns).

Jorund the Severer (Formicid Earth Elementalist)   Turns: 21838, Time: 01:20:59

Health: -7/105     AC: 16    Str: 15    XL:     15   Next: 54%
Magic:  21/30      EV: 17    Int: 21    God:    Okawaru [******]
Gold:   1332       SH:  9    Dex: 14    Spells: 18/36 levels left

rFire    + . .     SeeInvis +   X - +8 frozen axe "Frostbite" {freezing cloud, *Noise +Fly rC+}
rCold    + + +     Gourm    .   F - +4 buckler "Bawunes" {rPois rC+ MR+}
rNeg     + . .     Faith    .   S - +0 ring mail of Peek-a-Boo {Regen+ Dex+3 Slay+5} (curse)
rPois    +         Spirit   .   (helmet unavailable)
rElec    .         Reflect  .   R - +2 cloak {rC+}
rCorr    .         Harm     +   j - +2 pair of gloves
MR       ++...                  u - +0 pair of boots {Fly}
Stlth    +.........             p - amulet of harm
HPRegen  0.67/turn              v - +6 ring of evasion
MPRegen  0.22/turn              r - ring of positive energy

@: flying
A: permanent stasis, dig shafts and tunnels, four strong arms, antennae 3,
talons 1, icy blue scales 1, fire resistance 1, strong 1, MP-powered wands
a: Dig, Shaft Self, Heroism, Finesse, Renounce Religion, Stop Flying


You were on level 14 of the Dungeon.
You worshipped Okawaru.
Okawaru was exalted by your worship.
You were hungry.

You visited 3 branches of the dungeon, and saw 21 of its levels.
You also visited: Bailey and Ice Cave.

You collected 1475 gold pieces.
You spent 143 gold pieces at shops.

Inventory:

Hand Weapons
 M - a +4 executioner's axe of holy wrath
 O - the +4 hand axe "Hyekesen" {drain, MR+}
   (Okawaru gifted it to you on level 9 of the Dungeon)

   A truly terrible weapon, it drains the life of those it strikes.
   It affects your resistance to hostile enchantments.
 P - a +2 arbalest of velocity
 X - the +8 frozen axe "Frostbite" (weapon) {freezing cloud, *Noise +Fly rC+}
   (Okawaru gifted it to you on level 4 of the Lair of Beasts)

   It has been specially enchanted to freeze those struck by it, causing extra
   injury to most foes and up to half again as much damage against particularly
   susceptible opponents.
   It can also slow down cold-blooded creatures.
   It protects you from cold.
   It lets you fly.
   It may make noises in combat.
Missiles
 g - 22 stones (quivered)
 x - 140 bolts
 I - 9 curare-tipped darts
Armour
 j - a +2 pair of gloves (worn)
 u - a +0 pair of boots of flying (worn)
 D - a +2 pair of boots
 F - the +4 buckler "Bawunes" (worn) {rPois rC+ MR+}
   (Okawaru gifted it to you on level 13 of the Dungeon)

   It protects you from cold.
   It protects you from poison.
   It affects your resistance to hostile enchantments.
 J - the +2 chain mail "Qaicupt" {rPois rF+}
   (You found it on level 13 of the Dungeon)

   It protects you from fire.
   It protects you from poison.
 R - a +2 cloak of cold resistance (worn)
 S - the cursed +0 ring mail of Peek-a-Boo (worn) {Regen+ Dex+3 Slay+5}
   (You found it on level 4 of the Lair of Beasts)

   It affects your dexterity (+3).
   It affects your accuracy and damage with ranged weapons and melee attacks
   (+5).
   It increases your rate of regeneration.
   It has a curse placed upon it.
 V - +1 ice dragon scales
Magical Staves
 Q - an uncursed staff of earth
Jewellery
 p - an amulet of harm (around neck)
 r - a ring of positive energy (right hand)
 v - a +6 ring of evasion (left hand)
 y - an uncursed ring of protection from cold
 B - an uncursed ring of poison resistance
 C - an uncursed amulet of regeneration
 U - a cursed ring of attention {unknown}
 W - an uncursed amulet of faith
 Y - the ring "Gahag" {rN+ Int+2 Dex-5 SInv}
   (You acquired it on level 11 of the Dungeon)

   [ring of intelligence]

   It affects your intelligence (+2).
   It affects your dexterity (-5).
   It protects you from negative energy.
   It lets you see invisible.
 Z - an uncursed ring of resist corrosion
Wands
 a - a wand of paralysis (14)
 b - a wand of digging (10)
 c - a wand of polymorph (6)
 w - a wand of iceblast (20)
 z - a wand of acid (32)
Scrolls
 e - 2 scrolls of identify
 h - 4 scrolls of enchant armour
 t - a scroll of fear
 G - 2 scrolls of enchant weapon
 K - 2 scrolls of amnesia
 L - a scroll of magic mapping
 N - 4 scrolls of remove curse
 T - a scroll of fog
Potions
 i - 2 potions of invisibility
 l - 3 potions of heal wounds
 m - 3 potions of brilliance
 n - 9 potions of curing
 o - 3 potions of magic
 q - 2 potions of agility
 s - 6 potions of might
 A - 4 potions of cancellation
 E - 2 potions of resistance
 H - a potion of mutation
Comestibles
 d - 28 rations


   Skills:
 - Level 6.0 Fighting
 * Level 16.7 Axes
 - Level 8.2 Armour
 - Level 1.7 Dodging
 - Level 2.4 Stealth
 - Level 4.1 Shields
 - Level 11.0 Spellcasting
 - Level 1.1 Conjurations
 - Level 1.1 Transmutations
 - Level 14.2 Earth Magic
 - Level 5.7 Invocations
 - Level 1.3 Evocations


You had 18 spell levels left.
You knew the following spells:

 Your Spells              Type           Power        Failure   Level  Hunger
a - Sandblast             Erth           ######       1%          1    None
b - Passwall              Tmut/Erth      #####...     1%          2    None
c - Stone Arrow           Conj/Erth      #####.       1%          3    None
d - Lee's Rapid Deconstr  Erth           ######....   1%          5    ####...
e - Petrify               Tmut/Erth      #####...     4%          4    #......
f - Mephitic Cloud        Conj/Pois/Air  ##......     26%         3    None

Your spell library contained the following spells:

 Spells                   Type           Power        Failure   Level  Hunger
 Magic Dart               Conj           ###.         6%          1    None
 Flame Tongue             Conj/Fire      ##...        8%          1    None
 Infusion                 Chrm           ##..         10%         1    None
 Throw Flame              Conj/Fire      ##....       12%         2    None
 Call Imp                 Summ           ##......     16%         2    None
 Shroud of Golubria       Chrm/Tloc      ##....       16%         2    None
 Slow                     Hex            ##......     16%         2    None
 Song of Slaying          Chrm           ##......     16%         2    None
 Conjure Flame            Conj/Fire      ##......     24%         3    None
 Inner Flame              Hex/Fire       ##......     30%         3    None
 Regeneration             Chrm/Necr      ##........   30%         3    None
 Spectral Weapon          Hex/Chrm       ##......     30%         3    None
 Sticky Flame             Conj/Fire      ##......     61%         4    #......
 Fireball                 Conj/Fire      ##........   91%         5    ####...
 Blink                    Tloc           Unusable     N/A         2    N/A

Dungeon Overview and Level Annotations

Branches:
Dungeon (14/15)            Temple (1/1) D:5            Lair (6/6) D:9
 Shoals (0/4) Lair:4       Spider (0/4) Lair:3        Slime (0/5) Lair:6
    Orc (0/2) D:11         Bailey (visited)           IceCv (visited)
 Vaults: D:13-14

Altars:
Ashenzari
Cheibriados
Dithmenos
Elyvilon
Fedhas
Hepliaklqana
Kikubaaqudgha
Makhleb
Nemelex Xobeh
Okawaru
Qazlal
Ru
Sif Muna
Trog
Uskayaw
Vehumet
Wu Jian
Xom
Yredelemnul
Zin
The Shining One
Jiyva

Shops:
D:6 ?   D:7 !

Annotations:
D:4 1 runed translucent door
D:9 2 transporters
D:11 3 runed translucent doors, Koz Onas's ghost, journeyman OpBe
Lair:5 4 transporters, PeterQ's ghost, journeyman TrHu


Innate Abilities, Weirdness & Mutations

You cannot be hasted, slowed, berserked, paralysed or teleported.
You can dig through walls and to a lower floor.
Your four strong arms can wield two-handed weapons with a shield.
You have a pair of large antennae on your head. (SInv)
You have sharp toenails.
You are partially covered in icy blue scales. (AC +2)
Your flesh is heat resistant. (rF+)
Your muscles are strong. (Str +2)
You expend magic power (3 MP) to strengthen your wands.


Message History

The two-headed ogre is severely wounded.
You hear a croak.
The two-headed ogre hits you with a +0 giant club.
The two-headed ogre hits you with a +0 giant spiked club!
Unknown command.
You are too injured to fight recklessly!
You barely miss the two-headed ogre.
The two-headed ogre is severely wounded.
The two-headed ogre hits you with a +0 giant club!!
* * * LOW HITPOINT WARNING * * *
You block the two-headed ogre's attack.
Unknown command.
You hit the two-headed ogre. You freeze the two-headed ogre.
The two-headed ogre is almost dead.
Unknown command.
You slash the two-headed ogre! You freeze the two-headed ogre.
You kill the two-headed ogre!
Okawaru accepts your kill.
The cyclops throws a large rock.
The large rock hits you!!
You die...

............y
#######.........y.
#....>.....C..y...
#.......##.#
#<.....# #.#
#.[....###.#
##.####.C).# #.#
#)####
#######.####@#
##.....#......##
##..............##
#................#
#................#
#................#
#................#
#......><........#
#................#


You could see a cyclops.

Vanquished Creatures
  8 hydras
  Erolcha (D:13)
  Harold (D:7)
  6 two-headed ogres
  4 death yaks (Lair:3)
  3 orc knights (Bailey)
  A deep elf mage (D:13)
  A manticore (Lair:4)
  An ugly thing (D:13)
  A cyclops (D:12)
  A moth of wrath (Bailey)
  A centaur zombie (D:13)
  2 ice statues (IceCv)
  3 black mambas
  A gargoyle (D:10)
  22 spiny frogs
  The ghost of Paladin the Slasher, a novice HuSk (D:4)
  A rime drake (Lair:5)
  A freezing wraith (D:14)
  An efreet (D:12)
  15 komodo dragons
  12 ice devils (IceCv)
  2 polar bears
  3 meliai (D:14)
  4 trolls
  5 tyrant leeches (Lair:6)
  Prince Ribbit (D:9)
  24 blink frogs
  A slime creature (Lair:2)
  A meliai zombie (D:14)
  4 hippogriffs
  Grinder (D:5)
  2 dream sheep (D:9)
  Sigmund (D:3)
  2 water elementals (D:13)
  3 wyverns
  A wraith (D:11)
  A shadow (D:14)
  2 basilisks
  33 yaks
  8 vampire mosquitoes
  A hungry ghost (D:12)
  2 acid dragons
  12 water moccasins
  20 orc warriors
  8 porcupines
  A hornet zombie (D:11)
  14 ice beasts
  3 phantoms
  3 sky beasts
  An eye of draining (D:12)
  2 necrophages
  8 wolves
  7 ogres
  7 centaurs
  12 crocodiles
  7 big kobolds
  29 bullfrogs
  2 gnoll sergeants
  A wyvern zombie (D:13)
  A wyvern skeleton (D:12)
  4 scorpions
  A water moccasin skeleton (D:8)
  10 killer bees
  6 howler monkeys
  8 wights
  2 electric eels
  8 crimson imps
  8 hounds
  8 jellies
  8 orc priests
  6 centaur skeletons
  4 iguanas
  11 worker ants
  6 orc wizards
  A killer bee zombie (D:9)
  A hound zombie (D:11)
  2 hound skeletons
  A howler monkey zombie (D:11)
  Robin (D:2)
  13 gnolls
  16 adders
  3 shadow imps
  5 white imps (IceCv)
  3 ufetubi (IceCv)
  16 oozes (Lair:2)
  2 adder skeletons
  2 worms
  2 dart slugs (D:2)
  5 leopard geckos
  71 orcs
  4 ball pythons
  4 giant cockroaches
  18 goblins
  13 hobgoblins
  16 jackals
  4 quokkas
  7 bats
  3 frilled lizards
  A giant cockroach zombie (D:5)
  29 kobolds
  10 rats
  A fungus (Lair:2)
672 creatures vanquished.

Vanquished Creatures (others)
  A reaper (IceCv)
  3 white imps (IceCv)
  7 ufetubi (IceCv)
  13 fungi
  36 plants
60 creatures vanquished.

Grand Total: 732 creatures vanquished

Notes
Turn   | Place    | Note
-------+----------+-------------------------------------------
     0 | D:1      | Jorund the Formicid Earth Elementalist began the quest for
                  | the Orb.
     0 | D:1      | Reached XP level 1. HP: 13/13 MP: 3/3
   353 | D:1      | Reached XP level 2. HP: 19/19 MP: 0/5
   521 | D:1      | Learned a level 2 spell: Passwall
   558 | D:1      | Reached XP level 3. HP: 23/24 MP: 6/6
   916 | D:2      | Noticed Robin
   933 | D:2      | Killed Robin
   975 | D:2      | Reached XP level 4. HP: 16/30 MP: 2/8
  1013 | D:2      | Reached skill level 5 in Earth Magic
  1259 | D:2      | Learned a level 3 spell: Stone Arrow
  1277 | D:2      | Reached XP level 5. HP: 31/35 MP: 10/10
  2021 | D:3      | Noticed Sigmund
  2029 | D:3      | Killed Sigmund
  2029 | D:3      | Reached skill level 5 in Spellcasting
  2029 | D:3      | Reached XP level 6. HP: 32/41 MP: 5/13
  2579 | D:4      | Found a hide-covered altar of Uskayaw.
  2711 | D:4      | Reached XP level 7. HP: 46/46 MP: 11/15
  3062 | D:4      | Found a runed translucent door.
  3089 | D:4      | Found a runed translucent door.
  3415 | D:4      | Noticed Paladin's ghost (novice HuSk)
  3463 | D:4      | Killed Paladin's ghost
  3463 | D:4      | Reached XP level 8. HP: 46/52 MP: 9/17
  3611 | D:5      | Entered Level 5 of the Dungeon
  3622 | D:5      | Learned a level 5 spell: Lee's Rapid Deconstruction
  4034 | D:5      | Found a staircase to the Ecumenical Temple.
  4058 | D:5      | Found a snail-covered altar of Cheibriados.
  4059 | D:5      | Found a shadowy altar of Dithmenos.
  4059 | D:5      | Found a radiant altar of Vehumet.
  4064 | D:5      | Noticed Grinder
  4076 | D:5      | Killed Grinder
  4159 | D:5      | Reached XP level 9. HP: 57/57 MP: 15/21
  4477 | D:5      | Reached skill level 10 in Earth Magic
  4532 | Temple   | Entered the Ecumenical Temple
  4567 | Temple   | Became a worshipper of Warmaster Okawaru
  4967 | D:6      | Reached * piety under Okawaru
  5234 | D:6      | Found Nuysch's Magic Scroll Shoppe.
  5351 | D:6      | Found a white marble altar of Elyvilon.
  5650 | D:6      | Reached XP level 10. HP: 56/63 MP: 14/23
  5779 | D:6      | Found a basalt altar of Yredelemnul.
  5780 | D:6      | Found a bloodstained altar of Trog.
  5784 | D:6      | Found a glowing golden altar of the Shining One.
  5944 | D:6      | Learned a level 4 spell: Petrify
  6004 | D:7      | Found a stormy altar of Qazlal.
  6116 | D:7      | Noticed Harold
  6125 | D:7      | Reached skill level 1 in Axes
  6126 | D:7      | Killed Harold
  6126 | D:7      | Reached ** piety under Okawaru
  6126 | D:7      | Reached skill level 2 in Axes
  6126 | D:7      | Reached skill level 10 in Spellcasting
  6126 | D:7      | Reached skill level 1 in Evocations
  6267 | D:7      | Reached skill level 3 in Axes
  6424 | D:7      | Found Ucisoreng's Distillery.
  6438 | D:7      | Bought a potion of curing for 39 gold pieces
  6438 | D:7      | Bought a potion of mutation for 104 gold pieces
  6731 | D:8      | Reached skill level 1 in Fighting
  6731 | D:8      | Reached skill level 1 in Invocations
  6812 | D:8      | Reached *** piety under Okawaru
  7049 | D:9      | Noticed a two-headed ogre
  7052 | D:9      | Reached skill level 4 in Axes
  7251 | D:9      | Reached XP level 11. HP: 42/74 MP: 12/26
  7436 | D:9      | Killed a two-headed ogre
  7436 | D:9      | Reached **** piety under Okawaru
  7436 | D:9      | Reached skill level 1 in Armour
  7436 | D:9      | Reached skill level 1 in Conjurations
  7438 | D:9      | Reached skill level 5 in Axes
  7635 | D:9      | Noticed a two-headed ogre
  8241 | D:9      | Killed a two-headed ogre
  8241 | D:9      | Reached skill level 5 in Invocations
  8259 | D:9      | Reached ***** piety under Okawaru
  8526 | D:9      | Found a radiant altar of Vehumet.
  8585 | D:9      | Noticed Prince Ribbit
  8592 | D:9      | Killed Prince Ribbit
  8758 | D:9      | Found a transporter.
  8760 | D:9      | Found a transporter.
  8761 | D:9      | Noticed a flayed ghost
  8773 | D:9      | Found a hazy altar of Hepliaklqana.
  8944 | D:9      | Reached skill level 5 in Fighting
  8945 | D:9      | Reached skill level 6 in Axes
  9150 | D:9      | Found a staircase to the Lair.
  9321 | D:9      | Noticed a three-headed hydra
  9329 | D:9      | Killed a three-headed hydra
  9329 | D:9      | Received a gift from Okawaru
  9357 | D:9      | Got an ichor-stained hand axe {god gift}
  9367 | D:9      | Identified the +4 hand axe "Hyekesen" {drain, MR+} (Okawaru
                  | gifted it to you on level 9 of the Dungeon)
  9468 | D:9      | Reached skill level 5 in Armour
  9693 | D:10     | Entered Level 10 of the Dungeon
  9711 | D:10     | Reached XP level 12. HP: 76/88 MP: 27/27
  9718 | D:10     | Noticed a two-headed ogre
  9724 | D:10     | Killed a two-headed ogre
  9724 | D:10     | Reached skill level 7 in Axes
 10721 | Lair:1   | Entered Level 1 of the Lair of Beasts
 10733 | Lair:1   | Reached skill level 8 in Axes
 11233 | Lair:1   | Received a gift from Okawaru
 11246 | Lair:1   | Reached skill level 9 in Axes
 11489 | Lair:1   | You are sucked into a shaft and drop 1 floor!
 12192 | Lair:2   | Noticed a six-headed hydra
 12197 | Lair:2   | Killed a six-headed hydra
 12394 | Lair:2   | Noticed an eight-headed hydra
 12403 | Lair:2   | Killed an eight-headed hydra
 12403 | Lair:2   | Reached skill level 10 in Axes
 12848 | Lair:1   | Reached XP level 13. HP: 73/93 MP: 0/28
 14354 | Lair:3   | Received a gift from Okawaru
 14562 | Lair:3   | Got a dazzling hand axe {god gift}
 14563 | Lair:3   | Identified the +2 hand axe of Due Proportion {chop, rF-
                  | MP+9 Str+6 Int+4} (Okawaru gifted it to you on level 3 of
                  | the Lair of Beasts)
 14809 | Lair:3   | Found a hole to the Spider Nest.
 14866 | Lair:3   | Reached skill level 1 in Shields
 15226 | Lair:4   | Reached skill level 11 in Axes
 15237 | Lair:4   | Reached ****** piety under Okawaru
 15290 | Lair:4   | Found a staircase to the Shoals.
 15363 | Lair:4   | Got a crude ring mail
 15383 | Lair:4   | Identified the cursed +0 ring mail of Peek-a-Boo {Regen+
                  | Dex+3 Slay+5} (You found it on level 4 of the Lair of
                  | Beasts)
 15949 | Lair:5   | Found a transporter.
 16102 | Lair:5   | Noticed a five-headed hydra
 16158 | Lair:4   | Received a gift from Okawaru
 16159 | Lair:4   | Found the +8 frozen axe "Frostbite" {freezing cloud, *Noise
                  | +Fly rC+}
 16245 | Lair:5   | Noticed a four-headed hydra
 16246 | Lair:5   | Noticed PeterQ's ghost (journeyman TrHu)
 16258 | Lair:5   | Found a transporter.
 16261 | Lair:5   | Found a transporter.
 16271 | Lair:5   | Found a transporter.
 16390 | Lair:5   | Killed a five-headed hydra
 16390 | Lair:5   | Reached XP level 14. HP: 100/100 MP: 17/29
 16613 | Lair:6   | Entered Level 6 of the Lair of Beasts
 16735 | Lair:6   | Reached skill level 12 in Axes
 17025 | Lair:6   | Reached skill level 13 in Axes
 17052 | Lair:6   | Received a gift from Okawaru
 17419 | Lair:6   | Reached skill level 14 in Axes
 17429 | Lair:6   | Found a viscous altar of Jiyva.
 17429 | Lair:6   | Found a staircase to the Slime Pits.
 18444 | D:11     | Found a runed translucent gate.
 18444 | D:11     | Found a runed translucent gate.
 18444 | D:11     | Found a runed translucent gate.
 18447 | D:11     | Noticed Koz Onas's ghost (journeyman OpBe)
 18521 | D:11     | Found a flagged portal.
 18537 | Bailey   | Entered a bailey
 18608 | Bailey   | Received a gift from Okawaru
 18636 | Bailey   | Learned a level 3 spell: Mephitic Cloud
 18898 | D:11     | Identified a scroll of acquirement
 18899 | D:11     | Got a scorched lead ring
 18901 | D:11     | Identified the ring "Gahag" {rN+ Int+2 Dex-5 SInv} (You
                  | acquired it on level 11 of the Dungeon)
 19038 | D:11     | Found a shattered altar of Ashenzari.
 19234 | D:11     | Found a staircase to the Orcish Mines.
 19495 | D:11     | Reached skill level 15 in Axes
 19747 | D:12     | Reached XP level 15. HP: 90/105 MP: 18/30
 20483 | D:13     | Found a frozen archway.
 20487 | D:13     | Received a gift from Okawaru
 20501 | D:13     | Got a twisted buckler {god gift}
 20508 | D:13     | Got a smelly chain mail
 20513 | IceCv    | Entered an ice cave
 20528 | IceCv    | Identified the +4 buckler "Bawunes" {rPois rC+ MR+}
                  | (Okawaru gifted it to you on level 13 of the Dungeon)
 20529 | IceCv    | Identified the +2 chain mail "Qaicupt" {rPois rF+} (You
                  | found it on level 13 of the Dungeon)
 20530 | IceCv    | Gained mutation: You expend magic power (3 MP) to
                  | strengthen your wands. [potion of mutation]
 20530 | IceCv    | Gained mutation: Scrolls take you a little longer to read.
                  | [potion of mutation]
 20530 | IceCv    | Gained mutation: Your mind is acute. (Int +2) [potion of
                  | mutation]
 20531 | IceCv    | Lost mutation: Scrolls take you a little longer to read.
                  | [potion of mutation]
 20531 | IceCv    | Lost mutation: Your mind is acute. (Int +2) [potion of
                  | mutation]
 20531 | IceCv    | Gained mutation: Your flesh is heat resistant. (rF+)
                  | [potion of mutation]
 20531 | IceCv    | Gained mutation: Your muscles are strong. (Str +2) [potion
                  | of mutation]
 20531 | IceCv    | Gained mutation: You are partially covered in icy blue
                  | scales. (AC +2) [potion of mutation]
 20531 | IceCv    | Gained mutation: You have sharp toenails. [potion of
                  | mutation]
 20698 | IceCv    | Killed a reaper
 20823 | IceCv    | Reached skill level 16 in Axes
 21456 | D:13     | Noticed Erolcha
 21465 | D:13     | Killed Erolcha
 21838 | D:14     | Hit by a large rock thrown by a cyclops

Levels and vault maps discovered:
D:1:      dpeg_arrival_signposts, layout_rooms
D:2:      layout_loops_ring, uniq_robin
D:3:      layout_basic, first_ration, chequers_serial_rivers_room_a,
          uniq_sigmund
D:4:      layout_loops_ring, old_standard_altar, ebering_ghost_sewer_f
D:5:      layout_basic, chequers_temple_overflow_statue_of_worship,
          minmay_temple_entry_statues_fountains, uniq_grinder
D:6:      cheibrodos_thug_alley, layout_basic, minitemple, serial_shops,
          shop_statue
D:7:      layout_basic, kennysheep_mini_moat, serial_shops,
          nicolae_shop_waterfront, uniq_harold
D:8:      layout_cave_pools
D:9:      layout_roguey [special_room_orc], gammafunk_temple_overflow_arena,
          erik_lair_dragon, basic_altar, hangedman_ranch
          [blue_anna_fruit_fields], minmay_misc_feat_iff,
          minmay_fractal_squares_gapless_5, uniq_prince_ribbit1
D:10:     layout_stronghold
D:11:     layout_loops_ring, david_orc_2, ebering_ghost_rock_garden,
          enter_bailey_3, basic_altar,
          hangedman_abyss_or_decor_jellyfish_corner, serial_bayou_pond_b
D:12:     layout_long_grid
D:13:     layout_basic, portal_ice_cave_entry_ice_beasts, uniq_erolcha
D:14:     layout_rooms, skrybe_vaults_entry_preservation, serial_park_square3
          [serial_park_minivault_5x5_3]
Temple:   minmay_temple_bridge_abc
Lair:1:   layout_regular_city
Lair:2:   lemuel_slime, layout_small_grid, beast_lair_carwin_7,
          infiniplex_staircase_pool_2
Lair:3:   layout_cave_pods, spider_nest_entry_web_field,
          infiniplex_staircase_pool
Lair:4:   layout_regular_city, minmay_shoals_entry_beasts, st_stairs_8
Lair:5:   gammafunk_cloud_chamber, layout_big_grid, gammafunk_ghost_arena,
          lemuel_fruit_tree
Lair:6:   minmay_lair_end_frog_pond, layout_regular_city,
          dpeg_slime_entry_enclosed_altar

Skill      XL: |  1  2  3  4  5  6  7  8  9 10 11 12 13 14 15 |
---------------+----------------------------------------------+-----
Earth Magic    | 4 5 6 8 9 11 14 | 14.2
Spellcasting   | 3 5 6 8 9 11 | 11.0
Axes           | 4 6 10 11 15 16 | 16.7
Evocations     | 1 |  1.3
Fighting       | 2 6 |  6.0
Invocations    | 3 5 |  5.7
Armour         | 5 8 |  8.2
Conjurations   | 1 |  1.1
Shields        | 4 |  4.1
Dodging        | |  1.7
Stealth        | |  2.4
Transmutations | |  1.1

Action                   |  1- 3 |  4- 6 |  7- 9 | 10-12 | 13-15 || total
-------------------------+-------+-------+-------+-------+-------++-------
Melee: Unarmed           |    13 |       |       |       |       ||    13
       Dagger            |    29 |   101 |    77 |   179 |       ||   386
       Hand axe          |       |       |       |   132 |   290 ||   422
       Executioner's axe |       |       |       |       |    97 ||    97
 Cast: Sandblast         |    35 |    40 |   123 |    57 |   325 ||   580
       Stone Arrow       |       |       |     8 |    23 |     8 ||    39
       Lee's Rapid Decon |       |       |       |   112 |    45 ||   157
       Petrify           |       |       |       |     6 |     1 ||     7
       Mephitic Cloud    |       |       |       |       |     4 ||     4
Invok: Heroism           |       |       |       |       |     1 ||     1
Evoke: Wand              |       |       |       |    25 |    10 ||    35
  Use: Scroll            |       |    10 |     4 |    12 |    13 ||    39
       Potion            |       |       |     1 |     3 |     2 ||     6
 Stab: Sleeping          |     2 |     5 |     1 |       |     2 ||    10
       Distracted        |       |       |       |     1 |       ||     1
       Confused          |       |       |       |     2 |       ||     2
       Paralysed         |       |       |       |     4 |       ||     4
  Eat: Chunk             |     1 |     5 |     9 |    29 |    30 ||    74
       Ration            |       |       |       |     4 |     2 ||     6
Armor: Robe              |     9 |    22 |    26 |    14 |       ||    71
       Leather armour    |       |       |       |    50 |     9 ||    59
       Ring mail         |       |       |       |    33 |   102 ||   135
Dodge: Dodged            |    42 |    84 |    58 |   227 |   258 ||   669
Block: Buckler           |       |       |       |       |   126 ||   126

Table legend:
 A = Non-vault XP
 B = Vault XP
 C = Vault XP percentage of total XP
 D = Non-vault monster count
 E = Vault monster count
 F = Vault count percentage of total count
                 A         B        C        D         E       F
            +---------+---------+-------+---------+---------+-------
      Total |   54540 |   37476 |  40.7 |     454 |     217 |  32.3
            +---------+---------+-------+---------+---------+-------
        D:1 |      40 |       0 |   0.0 |      26 |       0 |   0.0
        D:2 |     111 |      35 |  24.0 |      27 |      11 |  28.9
        D:3 |      43 |     227 |  84.1 |      18 |       1 |   5.3
        D:4 |     343 |     403 |  54.0 |      18 |       3 |  14.3
        D:5 |    1236 |     244 |  16.5 |      26 |       1 |   3.7
        D:6 |    1141 |     116 |   9.2 |      33 |       9 |  21.4
        D:7 |     611 |     987 |  61.8 |      12 |       1 |   7.7
        D:8 |    1298 |       0 |   0.0 |      21 |       0 |   0.0
        D:9 |    3780 |    4945 |  56.7 |      37 |      43 |  53.8
       D:10 |    2764 |       0 |   0.0 |      28 |       0 |   0.0
       D:11 |    3341 |     737 |  18.1 |      49 |      13 |  21.0
       D:12 |    4801 |       0 |   0.0 |      22 |       0 |   0.0
       D:13 |    5806 |    2021 |  25.8 |      31 |       9 |  22.5
       D:14 |    2615 |       0 |   0.0 |       7 |       0 |   0.0
     Lair:1 |    5572 |     338 |   5.7 |      28 |       1 |   3.4
     Lair:2 |    4444 |    3775 |  45.9 |      15 |      33 |  68.8
     Lair:3 |    6818 |       0 |   0.0 |      20 |       0 |   0.0
     Lair:4 |    1901 |    1351 |  41.5 |       8 |       4 |  33.3
     Lair:5 |    3079 |       0 |   0.0 |      13 |       0 |   0.0
     Lair:6 |    4796 |   13692 |  74.1 |      15 |      50 |  76.9
     Bailey |       0 |    3599 | 100.0 |       0 |      16 | 100.0
      IceCv |       0 |    5006 | 100.0 |       0 |      22 | 100.0
            +---------+---------+-------+---------+---------+-------
